 Dungeon Crawl Stone Soup version 0.32-a0-975-g85d4e5bfdb (webtiles) character file.

Game seed: 3779510169150779851

174 ezpacito the Chopper (level 5, -3/41 HPs)
             Began as a Coglin Chaos Knight on Apr 19, 2024.
             Was a Plaything of Xom.
             Slain by a kobold brigand
             ... wielding a +0 whip
              (8 damage)
             ... in a sewer.
             The game lasted 00:03:09 (1892 turns).

ezpacito the Chopper (Coglin Chaos Knight)          Turns: 1892, Time: 00:03:09

Health: -3/41      AC:  5    Str: 14    XL:     5   Next: 54%
Magic:  6/6        EV: 11    Int: 11    God:    Xom [.....*]
Gold:   82         SH:  0    Dex: 14    Spells: 5/5 levels left

rFire   . . .        a - +0 hand axe (chaos) {Luis}
rCold   . . .        g - +0 spear {Shu}
rNeg    . . .        b - +2 leather armour
rPois   .            (no helmet)
rElec   .            (no cloak)
rCorr   .            (no gloves)
SInv    .            (no boots)
Will    .....        (amulet unavailable)
Stlth   +            (ring unavailable)
HPRegen 0.26/turn    (ring unavailable)
MPRegen 0.10/turn    (no gizmo)

%: no passive effects
@: lethally poisoned (-3 -> -13), hasted and slowed, revved
A: off-hand wielding, slow wielding, warmup strikes, no jewellery
a: Invent Gizmo, Renounce Religion


You were in a sewer.
You worshipped Xom.
You were Xom's teddy bear.
You visited 1 branch of the dungeon, and saw 3 of its levels.
You also visited: Sewer.

You collected 136 gold pieces.
You spent 54 gold pieces at shops.

Inventory:

Hand Weapons
 a - a +0 hand axe of chaos (weapon) {Luis}
 g - a +0 spear (offhand) {Shu}
Armour
 b - a +2 leather armour (worn)
Talismans
 o - a flux talisman
 q - a beast talisman
Wands
 n - a wand of light (8)
Scrolls
 c - a scroll of butterflies
 f - a scroll of enchant armour
 m - a scroll of noise
 p - a scroll of enchant weapon
 t - 3 scrolls of teleportation
Potions
 d - a potion of brilliance
 e - 2 potions of attraction
 k - a potion of lignification


   Skills:
 * Level 3.5 Fighting
 * Level 3.7(3.9) Axes
 * Level 1.4(2.6) Polearms
 * Level 2.4 Armour
 * Level 2.1 Dodging
 + Level 0.8 Stealth
 + Level 0.7 Spellcasting
 + Level 0.6 Shapeshifting


You had 5 spell levels left.
You didn't know any spells.
Your spell library contained the following spells:

 Spells                   Type           Power      Damage    Failure   Level
 Tukima's Dance           Hex            0%         N/A       77%         3
 Dimensional Bullseye     Hex/Tloc       0%         N/A       99%         4
 Iskenderun's Mystic Bla Conj/Tloc 0%             2d3        (+2d1     99%         4


Dungeon Overview and Level Annotations

Branches:
Dungeon (3/15)              Sewer (1/1)

Altars:

Shops:
D:1 !   D:2 ***=

Annotations:
D:3 2 transporters


Innate Abilities, Weirdness & Mutations

You can wield a second weapon in your off-hand.
It takes a long time for you to wield or remove held weapons.
Your first few attacks do less damage.
You cannot equip rings or amulets.


Message History

The kobold brigand throws a curare-tipped dart.
The curare-tipped dart hits you.
You are more poisoned.
You have difficulty breathing.
You feel as though you will be slow longer.
Your giant cockroach zombie barely misses the kobold brigand.
You regained 7 hp, and now have 20/41 hp.
Okay, then.
You closely miss the kobold with your +0 spear.
You closely miss the kobold with your +0 hand axe of chaos.
You barely miss the kobold with your +0 hand axe of chaos.
You closely miss the kobold with your +0 hand axe of chaos.
You feel very sick.
The kobold hits you but does no damage. x2
Your giant cockroach zombie misses the kobold.
You take 5 damage, and have 15/41 hp.
You hit the kobold brigand with your +0 hand axe of chaos.
You burn the kobold brigand.
The kobold brigand is moderately wounded.
You hit the kobold but do no damage.
You closely miss the kobold with your +0 hand axe of chaos.
You completely miss the kobold brigand with your +0 spear.
* * * LOW HITPOINT WARNING * * *
You feel very sick. The kobold hits you with a +0 dagger.
* * * LOW HITPOINT WARNING * * *
The kobold hits you but does no damage.
You take 7 damage, and have 8/41 hp.
You hit the kobold brigand with your +0 hand axe of chaos.
The kobold brigand is heavily wounded.
You barely miss the kobold with your +0 hand axe of chaos.
You hit the kobold with your +0 hand axe of chaos.
You freeze the kobold.
You kill the kobold!
You hit the kobold brigand with your +0 spear.
* * * LOW HITPOINT WARNING * * *
You feel very sick. The kobold barely misses you.
The kobold brigand hits you with a +0 whip!
You die...

#..∩.#~≈~#
#.!..#~≈~#
#...!#~≈~#
##''##~~~#
#....#~≈~#
###...~#~≈~#
#.KKZ~~~~≈~#.......#
##.K)~~~~≈~#.......#
##.@K~P#~≈~#P......#
#....~~#~~~#~~.....#
#......#~≈~#~~P....#
#......#~≈~~~~......
#......#~≈~~~~......
#......#~≈~~~......#
##.....# ≈~#~.....##
#.....# #~~....#
#..b..# #~~..P..


You could see a kobold brigand (ally target), 3 kobolds and a friendly giant
cockroach zombie.

Vanquished Creatures
  Jessica (D:3)
  Natasha (D:3)
  4 adders
  3 ribbon worms
  A dart slug (D:1)
  2 bats (D:1)
  9 endoplasms
  3 giant cockroaches
  3 goblins
  9 hobgoblins
  13 jackals
  4 quokkas
  3 ball pythons
  3 frilled lizards
  9 kobolds
  5 rats
73 creatures vanquished.

Notes
Turn   | Place    | Note
-------+----------+-------------------------------------------
     0 | D:1      | ezpacito the Coglin Chaos Knight began the quest for the
                  | Orb.
     0 | D:1      | Reached XP level 1. HP: 18/18 MP: 1/1
    94 | D:1      | Reached skill level 1 in Dodging
   113 | D:1      | You fall into a shaft and drop 1 floor!
   123 | D:2      | XOM: silly message
   146 | D:1      | Found Athroihamm's Distillery.
   168 | D:1      | Reached XP level 2. HP: 14/24 MP: 2/2
   273 | D:1      | XOM: silly message
   348 | D:1      | Reached XP level 3. HP: 29/29 MP: 3/3
   896 | D:2      | Found Wuqepih's Assorted Antiques.
   896 | D:2      | XOM: 4-stop teleportation journey
   926 | D:2      | Bought a bubbling blue potion for 19 gold pieces
   949 | D:2      | Reached skill level 1 in Polearms
   950 | D:2      | Reached XP level 4. HP: 28/35 MP: 4/4
   980 | D:2      | Found Wuschehu's General Store.
   989 | D:2      | Bought a scroll of noise for 13 gold pieces
  1032 | D:2      | Found Xog Otzeifuo's Jewellery Emporium.
  1298 | D:2      | Found Hioc's General Store.
  1376 | D:2      | Bought a scroll labelled UPRAIM MA ZYUTH for 22 gold pieces
  1479 | D:3      | Found a transporter.
  1490 | D:3      | Found a transporter.
  1501 | D:3      | Noticed Natasha
  1508 | D:3      | Killed Natasha
  1509 | D:3      | Reached XP level 5. HP: 29/41 MP: 5/5
  1532 | D:3      | XOM: 3-stop teleportation journey
  1566 | D:3      | Noticed Jessica
  1580 | D:3      | Killed Jessica
  1832 | D:3      | Found a glowing drain.
  1860 | Sewer    | Entered a sewer
  1881 | Sewer    | Noticed a kobold brigand
  1885 | Sewer    | XOM: 3-stop teleportation journey
  1892 | Sewer    | Slain by a kobold brigand

Illustrated notes

Levels and vault maps discovered:
D:1:      nagdon_arrival_double_spiral, layout_basic, serial_shops,
          nicolae_shop_temple_entry_statues_fountains,
          nicolae_kite_square_tiling_tiny, minivault_14
D:2:      layout_rooms, serial_shops, nicolae_shop_waterfront, shop, shop, shop,
          amcnicky_mini_corridor_feature
D:3:      gammafunk_steamed_eel, layout_loops_cross,
          cheibrodos_sewer_entry_bend, uniq_jessica, uniq_natasha
Sewer:    kennysheep_pipe_town

Skill      XL: |  1  2  3  4 |
---------------+-------------+-----
Dodging        | 1 2 |  2.1
Armour         | 2 |  2.4
Polearms       | 1 |  1.4
Fighting       | |  3.5
Axes           | |  3.7
Stealth        | |  0.8
Spellcasting   | |  0.7
Shapeshifting  | |  0.6

Action                     |  1- 3 |  4- 6 || total
---------------------------+-------+-------++-------
  Melee: Hand axe          |    73 |    73 ||   146
         Dagger            |    32 |       ||    32
         Spear             |    45 |    90 ||   135
    Use: Scroll            |       |     8 ||     8
         Potion            |       |     3 ||     3
   Stab: Sleeping          |     3 |     4 ||     7
         Confused          |     1 |       ||     1
 Armour: Leather armour    |    43 |    52 ||    95
  Dodge: Dodged            |    40 |    40 ||    80

Table legend: (Time is in decaauts)
 A = Elapsed time spent in this place.
 B = Non-inter-level travel time spent in this place.
 C = Inter-level travel time spent in this place.
 D = Time resting spent in this place.
 E = Time spent auto-exploring this place.
 F = Levels seen in this place.
 G = Mean time per level.
                   A        B        C        D        E       F      G
               +--------+--------+--------+--------+--------+-----+--------+
         Total |   1916 |   1805 |    111 |      0 |   1310 |   4 |  479.0 |
       Dungeon |   1874 |   1763 |    111 |      0 |   1289 |   3 |  624.7 |
         Sewer |     41 |     41 |      0 |      0 |     21 |   1 |   41.0 |
               +--------+--------+--------+--------+--------+-----+--------+

Top non-repeatable levels by time:
     D:1: 881 daAuts
     D:2: 513 daAuts
     D:3: 480 daAuts
   Sewer: 41 daAuts
